 Dungeon Crawl Stone Soup version 0.29.1-1-gd02db6906a (webtiles) character file.

Game seed: 7920836538991737754

107 NullDivider the Stinger (level 4, -4/27 HPs)
             Began as an Octopode Venom Mage on Sept 23, 2022.
             Slain by an orc
             ... wielding a +0 hand axe
              (6 damage)
             ... on level 2 of the Dungeon.
             The game lasted 00:16:53 (3775 turns).

NullDivider the Stinger (Octopode Venom Mage)       Turns: 3775, Time: 00:16:54

Health: -4/27      AC:  1    Str:  7    XL:     4   Next: 86%
Magic:  3/8        EV: 13    Int: 19    God:
Gold:   83         SH:  0    Dex: 12    Spells: 2/8 levels left

rFire   . . .      SeeInvis .   e - +0 dagger (venom)
rCold   . . .      Faith    .   (no shield)
rNeg    . . .      Spirit   .   (helmet restricted)
rPois   .          Reflect  .   (no amulet)
rElec   .          Harm     .   h - ring of willpower
rCorr   .          Rampage  .   (no ring)
Will    +....                   (no ring)
Stlth   +++.......              (no ring)
HPRegen 0.09/turn               (no ring)
MPRegen 0.11/turn               (no ring)
                                (no ring)
                                (no ring)

@: no status effects
A: almost no armour, amphibious, 8 rings, camouflage 1, gelatinous body 1,
(nimble swimmer 1), tentacles
a: no special abilities


You were on level 2 of the Dungeon.
You visited 1 branch of the dungeon, and saw 3 of its levels.

You collected 83 gold pieces.

Inventory:

Hand Weapons
 e - a +0 dagger of venom (weapon)
Jewellery
 h - a ring of willpower (left tentacle)
Scrolls
 c - a scroll of butterflies {unknown}
 d - a scroll of magic mapping {unknown}
 i - 3 scrolls of identify {unknown}
 k - a scroll of summoning {unknown}
 l - a scroll of vulnerability {unknown}
 m - a scroll of poison {unknown}
 o - a scroll of fear {unknown}
 p - a scroll of teleportation {unknown}
Potions
 a - 2 potions of magic
 b - 2 potions of flight {unknown}
 f - 2 potions of heal wounds {unknown}
 g - 2 potions of attraction {unknown}
 j - a potion of mutation {unknown}
 n - a potion of cancellation {unknown}
 q - a potion of brilliance {unknown}


   Skills:
 + Level 0.5 Short Blades
 * Level 2.7 Dodging
 * Level 3.7 Stealth
 * Level 2.7 Spellcasting
 + Level 0.2 Conjurations
 - Level 1.2 Transmutations
 + Level 0.9 Air Magic
 * Level 4.5 Poison Magic


You had 2 spell levels left.
You knew the following spells:

 Your Spells              Type           Power      Damage    Failure   Level
a - Sting                 Tmut/Pois      52%        1d5       4%          1
b - Poisonous Vapours     Pois/Air       24%        N/A       8%          2
c - Mephitic Cloud        Conj/Pois/Air  9%         N/A       22%         3

Your spell library contained the following spells:

 Spells                   Type           Power      Damage    Failure   Level
 Apportation              Tloc           4%         N/A       16%         1
 Necrotise                Necr           8%         1d4       16%         1
 Summon Small Mammal      Summ           8%         N/A       16%         1
 Olgreb's Toxic Radiance  Pois           19%        N/A       24%         4
 Call Canine Familiar     Summ           2%         N/A       43%         3
 Summon Guardian Golem    Hex/Summ       2%         N/A       43%         3
 Vampiric Draining        Necr           2%         2d6       43%         3
 Agony                    Necr           2%         N/A       99%         5


Dungeon Overview and Level Annotations

Branches:
Dungeon (3/15)

Altars:

Shops:
D:3 :


Innate Abilities, Weirdness & Mutations

You cannot wear most types of armour.
You are amphibious.
You can wear up to eight rings at the same time.
Your skin changes colour to match your surroundings (Stealth+).
Your rubbery body absorbs attacks. (AC +1, EV +1)
((You are camouflaged when in or above water. (Stealth+)))
You have tentacles for arms and can constrict up to eight enemies at once.


Message History

The orc attacks as you move away! The orc hits you with a +0 hand axe.
The orc attacks as you move away! The orc hits you with a +0 hand axe.
You feel a bit more experienced. The orc attacks as you move away!
The orc closely misses you. The orc attacks as you move away!
The orc barely misses you.
You barely miss the orc. You grab the orc.
You constrict the orc, but do no damage.
The orc hits you with a +0 hand axe.
You hit the orc but do no damage.
The orc is poisoned.
You constrict the orc. The orc misses you.
You hit the orc.
The orc looks as sick as possible!
You squeeze the orc, but do no damage.
The orc is moderately wounded.
You constrict the orc. The orc hits you with a +0 hand axe.
You hit the orc.
You kill the orc!
You are too injured to fight recklessly!
The orc attacks as you move away! The orc misses you.
The orc attacks as you move away! The orc barely misses you.
The orc attacks as you move away! The orc hits you with a +0 hand axe!
* * * LOW HITPOINT WARNING * * *
You see here a +0 mace.
There is a stone staircase leading up, spattered with blood here.
The orc hits you with a +0 hand axe.
* * * LOW HITPOINT WARNING * * *
You climb upwards.
Reactivating autopickup.
There is a stone staircase leading down here.
Casting: Sting (safe; 4% risk of failure)
Confirm with . or Enter, or press ? or * to list all spells.
Aiming: Sting (safe; 4% risk of failure)
Press: ? - help, Shift-Dir - straight line, f - orc
Aim: an orc, wielding a +0 hand axe (71% to hit)
The sting hits the orc.
The orc is poisoned.
The orc is moderately wounded.
The orc closely misses you.
You hit the orc.
The orc looks even sicker.
You grab the orc.
The orc is heavily wounded.
You constrict the orc. The orc hits you with a +0 hand axe.
You die...

########## #........#
########........#
................##############
...........[.................#
..........#################.##
..........).[...@.........#.#
..........######o.#######.#.#
..........# #..# #.#.#
..........# ##..# #.#.#
..........# #...# #.#.#
..........#####..########.#.#
#########....)............#.#
...........#####.######..##.##
...........'.......#.........#


You could see an orc (very poisoned).

Vanquished Creatures
  An orc wizard (D:3)
  A worm (D:3)
  2 dart slugs
  8 orcs
  6 endoplasms
  3 giant cockroaches
  7 goblins
  5 hobgoblins
  2 jackals (D:3)
  2 kobolds (D:2)
  3 quokkas (D:1)
  3 ball pythons
  8 bats
  5 frilled lizards
  8 rats
64 creatures vanquished.

Notes
Turn   | Place    | Note
-------+----------+-------------------------------------------
     0 | D:1      | NullDivider the Octopode Venom Mage began the quest for the
                  | Orb.
     0 | D:1      | Reached XP level 1. HP: 11/11 MP: 3/3
   358 | D:1      | Reached XP level 2. HP: 13/17 MP: 1/5
   729 | D:1      | Learned a level 2 spell: Poisonous Vapours
   815 | D:1      | Reached skill level 4 in Poison Magic
   992 | D:1      | Reached XP level 3. HP: 16/21 MP: 3/6
  1700 | D:1      | Learned a level 3 spell: Mephitic Cloud
  3031 | D:3      | Found Mucsen's Book Emporium.
  3070 | D:3      | Reached XP level 4. HP: 27/27 MP: 4/7
  3775 | D:2      | Slain by an orc

Illustrated notes

Levels and vault maps discovered:
D:1:      minmay_arrival_stair_chambers, layout_basic, fountainhead
D:2:      layout_basic, grunt_decor_resistance, minmay_tromino_i2
D:3:      layout_basic, nicolae_overflow_ecumenical_swirl, serial_shops, shop

Skill      XL: |  1  2 |
---------------+-------+-----
Stealth        | 3 |  3.7
Poison Magic   | 4 |  4.5
Short Blades   | |  0.5
Dodging        | |  2.7
Spellcasting   | |  2.7
Conjurations   | |  0.2
Transmutations | |  1.2
Air Magic      | |  0.9

Action                   |  1- 3 |  4- 6 || total
-------------------------+-------+-------++-------
Melee: Unarmed           |    37 |       ||    37
       Constrict         |    10 |     8 ||    18
       Tentacles         |     5 |     6 ||    11
       Punch             |     1 |       ||     1
       Dagger            |     9 |    16 ||    25
 Cast: Sting             |    65 |    14 ||    79
       Poisonous Vapours |     3 |    11 ||    14
  Use: Scroll            |       |     1 ||     1
Armor: Skin              |     5 |       ||     5
Dodge: Dodged            |    44 |    14 ||    58
